 Dungeon Crawl Stone Soup version 0.25.0-26-g0c896c7088 (webtiles) character file.

Game seed: 534908740871357960

41 Revguard the Caller (level 3, -1/24 HPs)
             Began as a Human Summoner on July 4, 2020.
             Slain by an iguana (7 damage)
             ... on level 2 of the Dungeon.
             The game lasted 00:07:27 (1998 turns).

Revguard the Caller (Human Summoner)                Turns: 1998, Time: 00:07:27

Health: -1/24      AC:  3    Str:  8    XL:     3   Next: 75%
Magic:  0/15       EV: 12    Int: 16    God:
Gold:   41         SH:  0    Dex: 13    Spells: 1/6 levels left

rFire    . . .     SeeInvis .   (no weapon)
rCold    . . .     Gourm    .   (no shield)
rNeg     . . .     Faith    .   a - +0 robe
rPois    +         Spirit   +   j - +0 helmet
rElec    .         Reflect  .   (no cloak)
rCorr    .         Harm     .   (no gloves)
MR       .....                  (no boots)
Stlth    ++........             d - amulet of guardian spirit
HPRegen  0.08/turn              g - ring of poison resistance
MPRegen  0.14/turn              h - ring of magical power

@: no status effects
A: no striking features
a: no special abilities


You were on level 2 of the Dungeon.
You were not hungry.

You visited 1 branch of the dungeon, and saw 2 of its levels.

You collected 41 gold pieces.

Inventory:

Armour
 a - a +0 robe (worn)
 j - a +0 helmet (worn)
Jewellery
 d - an amulet of guardian spirit (around neck)
 e - an uncursed amulet of reflection
 g - a ring of poison resistance (left hand)
 h - a ring of magical power (right hand)
 m - an uncursed amulet of faith {unknown}
Scrolls
 b - a scroll of enchant weapon {unknown}
 i - a scroll of teleportation {unknown}
Potions
 f - a potion of brilliance
 k - a potion of might {unknown}
Comestibles
 c - 2 rations
 l - 4 chunks of flesh


   Skills:
 + Level 0.2 Fighting
 + Level 2.1 Dodging
 + Level 2.0 Stealth
 + Level 0.5 Unarmed Combat
 + Level 2.4 Spellcasting
 + Level 0.1 Hexes
 + Level 4.6 Summonings


You had one spell level left.
You knew the following spells:

 Your Spells              Type           Power        Failure   Level  Hunger
b - Call Imp              Summ           ###.....     4%          2    ###....
c - Summon Guardian Gole  Hex/Summ       #.......     22%         3    ###....

Your spell library contained the following spells:

 Spells                   Type           Power        Failure   Level  Hunger
 Summon Small Mammal      Summ           ###.         3%          1    #......
 Call Canine Familiar     Summ           ###.....     9%          3    ###....
 Summon Ice Beast         Ice/Summ       #.......     58%         4    #####..
 Summon Lightning Spire   Summ/Air       #.......     58%         4    #####..


Dungeon Overview and Level Annotations

Branches:
Dungeon (2/15)

Altars:


Message History

You hit the iguana but do no damage.
The iguana is moderately wounded.
The iguana bites you.
Your white imp barely misses the iguana.
You hit the iguana.
The iguana is heavily wounded.
Your crimson imp barely misses the iguana.
The iguana bites you!
* * * LOW HITPOINT WARNING * * *
Your white imp gestures at the iguana.
The puff of frost hits the iguana.
Your crimson imp hits the iguana.
The iguana bites your white imp!
Your white imp dies!
The iguana hisses angrily.
Your crimson imp blinks!
Casting: Call Imp (safe; 4% risk of failure)
Confirm with . or Enter, or press ? or * to list all spells.
A shadowy apparition takes form in the air.
The iguana bites you!
You die...

##..######.#.#.# #..# #.#.#.#
#..# #.#.#.# #..# #.#.#.# #
#..# #.#.#.# # #..# #...#.# #
#..##########.###############
#..#........>................
#..#.#######@................
#......l5###############
#.......## #######.# #.# #.#
... ... ..#


You could see an iguana and a friendly shadow imp (summoned).

Vanquished Creatures
  A bat (D:1)
  2 goblins (D:1)
  A kobold (D:1)
  A frilled lizard (D:1)
  A rat (D:1)
6 creatures vanquished.

Vanquished Creatures (collateral kills)
  An adder (D:2)
  An ooze (D:1)
  3 dart slugs (D:1)
  5 giant cockroaches
  5 hobgoblins (D:1)
  A ball python (D:1)
  7 bats (D:1)
  A frilled lizard (D:1)
  2 kobolds (D:1)
  7 rats
33 creatures vanquished.

Grand Total: 39 creatures vanquished

Notes
Turn   | Place    | Note
-------+----------+-------------------------------------------
     0 | D:1      | Revguard the Human Summoner began the quest for the Orb.
     0 | D:1      | Reached XP level 1. HP: 13/13 MP: 3/3
   338 | D:1      | Reached XP level 2. HP: 19/19 MP: 5/5
   414 | D:1      | Learned a level 2 spell: Call Imp
   982 | D:1      | Reached XP level 3. HP: 16/24 MP: 0/6
  1024 | D:1      | Learned a level 3 spell: Summon Guardian Golem
  1998 | D:2      | Slain by an iguana

Illustrated notes

Levels and vault maps discovered:
D:1:      dpeg_chamrin_arrival_tetris, layout_loops_ring
D:2:      layout_basic, uniq_terence

Action                   || total
-------------------------++-------
Melee: Unarmed           ||    81
 Cast: Summon Small Mamm ||    17
       Call Imp          ||    24
       Summon Guardian G ||     1
  Use: Scroll            ||     5
 Stab: Sleeping          ||     2
  Eat: Chunk             ||     5
Armor: Robe              ||    35
Dodge: Dodged            ||    84
